 Dungeon Crawl Stone Soup version 0.27-a0-951-gae3e1deef5 (webtiles) character file.

Game seed: 3190962290961117467

1146 bisexualwizard the Cleaver (level 8, 0/62 HPs)
             Began as a Minotaur Gladiator on Apr 11, 2021.
             Was an Initiate of Qazlal.
             Killed from afar by a gargoyle (16 damage)
             ... with a stone arrow
             ... on level 6 of the Dungeon.
             The game lasted 00:12:52 (6033 turns).

bisexualwizard the Cleaver (Minotaur Gladiator)     Turns: 6033, Time: 00:12:53

Health: 0/62       AC:  3    Str: 20    XL:     8   Next: 15%
Magic:  7/7        EV: 13    Int:  5    God:    Qazlal [......]
Gold:   157        SH:  0    Dex: 13    Spells: 7/7 levels left

rFire    . . .     SeeInvis .   a - +0 war axe
rCold    . . .     Faith    .   (no shield)
rNeg     . . .     Spirit   .   b - +0 leather armour
rPois    .         Reflect  .   (helmet restricted)
rElec    .         Harm     .   (no cloak)
rCorr    .         Rampage  .   (no gloves)
Will     .....                  (no boots)
Stlth    +.........             (no amulet)
HPRegen  0.20/turn              (no ring)
MPRegen  0.10/turn              (no ring)

@: no status effects
A: horns 2, retaliatory headbutt
a: Renounce Religion


You were on level 6 of the Dungeon.
You worshipped Qazlal.
Qazlal was noncommittal.
You visited 2 branches of the dungeon, and saw 7 of its levels.

You collected 157 gold pieces.

Inventory:

Hand Weapons
 a - a +0 war axe (weapon)
Armour
 b - a +0 leather armour (worn)
 c - a +0 hat
Jewellery
 i - a ring of fire
Scrolls
 d - a scroll of acquirement {unknown}
 f - a scroll of enchant weapon {unknown}
 g - a scroll of fog {unknown}
 k - a scroll of identify
 l - 2 scrolls of vulnerability
 m - a scroll of summoning
 n - a scroll of enchant armour
 o - a scroll of amnesia {unknown}
Potions
 e - a potion of ambrosia {unknown}
 h - a potion of lignification
 j - 2 potions of degeneration
 q - a potion of heal wounds


   Skills:
 - Level 2.4 Fighting
 * Level 10.3 Axes
 - Level 2.0 Throwing
 + Level 4.4 Armour
 + Level 4.7 Dodging
 - Level 1.0 Stealth


You had 7 spell levels left.
You didn't know any spells.
Your spell library contained the following spells:

 Spells                   Type           Power      Damage    Failure   Level
 Corona                   Hex            0%         N/A       52%         1
 Magic Dart               Conj           0%         1d3       52%         1
 Blink                    Tloc           N/A        N/A       67%         2
 Call Imp                 Summ           0%         N/A       67%         2
 Ensorcelled Hibernation  Hex/Ice        0%         N/A       67%         2
 Slow                     Hex            0%         N/A       67%         2
 Confusing Touch          Hex            0%         N/A       88%         3
 Conjure Flame            Conj/Fire      0%         6-21      88%         3
 Dazzling Flash           Conj/Hex       0%         N/A       88%         3
 Mephitic Cloud           Conj/Pois/Air  0%         N/A       88%         3
 Tukima's Dance           Hex            0%         N/A       88%         3


Dungeon Overview and Level Annotations

Branches:
Dungeon (6/15)             Temple (1/1) D:5

Altars:
Ashenzari
Dithmenos
Gozag
Nemelex Xobeh
Okawaru
Qazlal
Trog
Uskayaw
Xom
The Shining One

Shops:
D:2 [


Innate Abilities, Weirdness & Mutations

You have a pair of horns on your head.
You reflexively headbutt those who attack you in melee.


Message History

You start resting.
HP restored.
An adder comes into view.
Found a robe.
You see here 4 gold pieces.
The adder hisses angrily.
The adder bites you but does no damage.
You hit the adder. Your headbutt misses the adder.
The adder is heavily wounded.
The adder closely misses you.
You hit the adder.
The adder is almost dead.
The adder misses you.
You hit the adder.
You kill the adder!
Qazlal accepts your kill.
No target in view!
You now have 157 gold pieces (gained 4).
A gargoyle comes into view. It is wielding a +0 mace.
A gargoyle is nearby!
Throw: throwing net
Press: ? - help, Q - select action Shift-Dir - straight line, f - gargoyle
Aim: a gargoyle, wielding a +0 mace (74% to hit)
You throw a throwing net.
The throwing net barely misses the gargoyle.
The gargoyle hurls a stone arrow at you.
The stone arrow hits you!! The gargoyle completely misses you.
You hit the gargoyle but do no damage. The gargoyle hits you with a +0 mace!
You are too injured to fight recklessly!
You are too injured to fight recklessly!
Found 14 gold pieces.
The gargoyle hurls a stone arrow at you.
The stone arrow hits you!!
* * * LOW HITPOINT WARNING * * *
The gargoyle hurls a stone arrow at you.
The stone arrow misses you.
The gargoyle hurls a stone arrow at you.
The stone arrow hits you!
You die...

###.##(.# #...#..#
###.#.#..#
####...#....##
#....#####....
#.##...#....##
##.####.#.#.[..
.#########...###...#.###
....<..@...9.........#
.#########...#########
##.## #.# #######.#
#.......# #.#####.# #.#
###.### #.# #.....#


You could see a gargoyle.

Vanquished Creatures
  Menkaure (D:4)
  A black bear (D:4)
  3 ogres
  A phantom (D:4)
  A kobold brigand (D:5)
  2 scorpions (D:6)
  2 centaur zombies (D:5)
  A hound (D:5)
  A jelly (D:6)
  3 iguanas
  An orc wizard (D:4)
  3 gnolls
  6 adders
  A white imp (D:5)
  4 dart slugs
  6 orcs
  6 bats
  8 endoplasms
  7 giant cockroaches
  6 goblins
  4 hobgoblins
  12 jackals
  A quokka (D:4)
  4 ball pythons
  3 frilled lizards
  11 kobolds
  12 rats
111 creatures vanquished.

Vanquished Creatures (others)
  5 plants (D:5)
5 creatures vanquished.

Grand Total: 116 creatures vanquished

Notes
Turn   | Place    | Note
-------+----------+-------------------------------------------
     0 | D:1      | bisexualwizard the Minotaur Gladiator began the quest for
                  | the Orb.
     0 | D:1      | Reached XP level 1. HP: 18/18 MP: 0/0
    16 | D:1      | Found a faded altar of an unknown god.
   209 | D:1      | Reached skill level 4 in Axes
   292 | D:1      | Reached XP level 2. HP: 25/25 MP: 1/1
   898 | D:2      | Reached XP level 3. HP: 30/30 MP: 2/2
   924 | D:1      | Reached skill level 5 in Axes
  1106 | D:2      | Reached skill level 1 in Armour
  1206 | D:2      | Reached XP level 4. HP: 11/37 MP: 3/3
  2085 | D:2      | Found Jufoulud's Antique Armour Boutique.
  2680 | D:4      | Noticed an ogre
  2688 | D:4      | Killed an ogre
  2689 | D:4      | Reached skill level 6 in Axes
  2689 | D:4      | Reached XP level 5. HP: 11/42 MP: 4/4
  3207 | D:4      | Noticed Menkaure
  3212 | D:4      | Killed Menkaure
  3213 | D:4      | Reached skill level 7 in Axes
  3213 | D:4      | Reached XP level 6. HP: 42/50 MP: 5/5
  3484 | D:4      | Reached skill level 8 in Axes
  3705 | D:4      | Reached skill level 1 in Stealth
  3705 | D:4      | Reached XP level 7. HP: 40/56 MP: 6/6
  4202 | D:5      | Entered Level 5 of the Dungeon
  4263 | D:5      | Found an opulent altar of Gozag.
  4291 | D:5      | Reached skill level 9 in Axes
  4309 | D:5      | Found a staircase to the Ecumenical Temple.
  4347 | Temple   | Entered the Ecumenical Temple
  4387 | Temple   | Became a worshipper of Qazlal Stormbringer
  4819 | D:5      | Found a shadowy altar of Dithmenos.
  5820 | D:6      | Reached skill level 10 in Axes
  5820 | D:6      | Reached XP level 8. HP: 61/62 MP: 7/7
  6013 | D:6      | Noticed a gargoyle
  6033 | D:6      | Killed from afar by a gargoyle

Illustrated notes

Levels and vault maps discovered:
D:1:      lightli_arrival_maybe_door_vault, layout_loops_ring,
          ebering_ecumenical_altar_rust
D:2:      layout_loops_cross, serial_shops, shop_statue
D:3:      layout_rooms, kennysheep_generic_room_12
D:4:      kb_forest_paths, layout_loops_ring, gup_sewer_entry_glass,
          uniq_menkaure
D:5:      layout_rooms, nicolae_dithmenos_the_darkroom, lemuel_doored_altar,
          minmay_temple_entry_butterflies, lexackson_kobold_supper
D:6:      layout_loops_ring, serial_bayou_pond_d, minmay_mini_ossuary,
          uniq_eustachio
Temple:   regret_index_temple_sphere_string

Skill      XL: |  1  2  3  4  5  6  7 |
---------------+----------------------+-----
Axes           | 4 5 6 7 8 10 | 10.3
Armour         | 1 2 3 4 |  4.4
Dodging        | 4 |  4.7
Stealth        | 1 |  1.0
Fighting       | |  2.4
Throwing       | |  2.0

Action                   |  1- 3 |  4- 6 |  7- 9 || total
-------------------------+-------+-------+-------++-------
Melee: War axe           |    51 |   102 |    92 ||   245
       Headbutt          |     8 |    12 |    15 ||    35
Throw: Throwing net      |     2 |     1 |     2 ||     5
  Use: Potion            |       |     2 |     1 ||     3
       Scroll            |       |     1 |     5 ||     6
 Stab: Sleeping          |       |     1 |       ||     1
Armor: Leather armour    |    17 |    13 |    15 ||    45
Dodge: Dodged            |    42 |    57 |    47 ||   146

Table legend: (Time is in decaauts)
 A = Elapsed time spent in this place.
 B = Non-inter-level travel time spent in this place.
 C = Inter-level travel time spent in this place.
 D = Time resting spent in this place.
 E = Time spent auto-exploring this place.
 F = Levels seen in this place.
 G = Mean time per level.
                   A        B        C        D        E       F      G
               +--------+--------+--------+--------+--------+-----+--------+
         Total |   6073 |   5898 |    175 |   1970 |   3184 |   7 |  867.6 |
       Dungeon |   6010 |   5862 |    148 |   1970 |   3150 |   6 | 1001.7 |
        Temple |     62 |     35 |     27 |      0 |     34 |   1 |   62.0 |
               +--------+--------+--------+--------+--------+-----+--------+

Top non-repeatable levels by time:
     D:4: 1791 daAuts
     D:5: 1389 daAuts
     D:2: 1155 daAuts
     D:1: 1006 daAuts
     D:3: 448 daAuts
     D:6: 220 daAuts
  Temple: 62 daAuts
